 Dungeon Crawl Stone Soup version 0.27-a0-1185-ga233589e6f (webtiles) character file.

Game seed: 12598798249221147980

3515 Morbidden the Martial Artist (level 9, -3/65 HPs)
             Began as a Demonspawn Brigand on May 19, 2021.
             Was a Believer of Cheibriados.
             Slain by a water moccasin (7 damage)
             ... on level 8 of the Dungeon.
             The game lasted 00:14:48 (10895 turns).

Morbidden the Martial Artist (Demonspawn Brigand)  Turns: 10895, Time: 00:14:48

Health: -3/65      AC:  9    Str: 16    XL:     9   Next: 81%
Magic:  0/12       EV:  9    Int: 19    God:    Cheibriados [**....]
Gold:   398        SH:  0    Dex: 19    Spells: 7/11 levels left

rFire    . . .     SeeInvis .     - Unarmed
rCold    + . .     Faith    .   (no shield)
rNeg     . . .     Spirit   +   m - +0 chain mail {rC+}
rPois    .         Reflect  .   (no helmet)
rElec    .         Harm     .   c - +0 cloak
rCorr    .         Rampage  .   (no gloves)
Will     .....                  (no boots)
Stlth    +.........             f - amulet of guardian spirit
HPRegen  0.20/turn              (no ring)
MPRegen  0.26/turn              (no ring)

@: very slow
A: claws 1, magic regeneration, sturdy frame 1, condensation shield
a: Renounce Religion, Bend Time


You were on level 8 of the Dungeon.
You worshipped Cheibriados.
Cheibriados was pleased with you.
You visited 2 branches of the dungeon, and saw 9 of its levels.
You also visited: Sewer.

You collected 398 gold pieces.

Inventory:

Hand Weapons
 a - a +0 hand crossbow
Missiles
 b - 6 atropa-tipped darts
 d - 37 poisoned darts (quivered)
 e - 6 curare-tipped darts
 h - 6 bolts
 t - 8 javelins
Armour
 c - a +0 cloak (worn)
 i - +0 acid dragon scales
 m - a +0 chain mail of cold resistance (worn)
 u - a +2 leather armour of willpower
Jewellery
 f - an amulet of guardian spirit (around neck)
 C - an amulet of reflection
Scrolls
 j - a scroll of summoning {unknown}
 l - a scroll of enchant armour
 q - 2 scrolls of identify
 r - a scroll of vulnerability {unknown}
 s - a scroll of fear {unknown}
 v - 2 scrolls of magic mapping {unknown}
 w - 2 scrolls of acquirement {unknown}
 y - 2 scrolls of teleportation
 z - a scroll of amnesia {unknown}
 A - a scroll of enchant weapon {unknown}
Potions
 g - a potion of might
 k - 3 potions of flight
 n - 3 potions of curing
 p - 3 potions of degeneration {unknown}
 x - a potion of invisibility {unknown}
 B - a potion of heal wounds
 D - a potion of magic {unknown}


   Skills:
 * Level 3.7 Fighting
 + Level 2.1 Short Blades
 + Level 0.3 Crossbows
 + Level 2.9 Throwing
 + Level 1.0 Armour
 * Level 3.3 Dodging
 + Level 4.5 Stealth
 + Level 1.0 Shields
 + Level 11.4 Unarmed Combat
 * Level 1.8 Spellcasting
 * Level 4.0 Conjurations
 * Level 1.8 Necromancy
 * Level 4.0 Invocations


You had 7 spell levels left.
You knew the following spells:

 Your Spells              Type           Power      Damage    Failure   Level
a - Magic Dart            Conj           68%        1d6       30%         1
b - Vampiric Draining     Necr           4%         2d6       91%         3

Your spell library contained the following spells:

 Spells                   Type           Power      Damage    Failure   Level
 Animate Skeleton         Necr           16%        N/A       58%         1
 Pain                     Necr           32%        1d5       58%         1
 Summon Small Mammal      Summ           4%         N/A       85%         1
 Conjure Flame            Conj/Fire      9%         6-21      91%         3
 Blink                    Tloc           N/A        N/A       94%         2
 Call Imp                 Summ           1%         N/A       94%         2
 Slow                     Hex            1%         N/A       94%         2
 Mephitic Cloud           Conj/Pois/Air  6%         N/A       95%         3
 Call Canine Familiar     Summ           1%         N/A       99%         3
 Frozen Ramparts          Ice            2%         1d2       99%         3
 Ignite Poison            Fire/Tmut/Pois 1%         N/A       99%         3
 Summon Guardian Golem    Hex/Summ       1%         N/A       99%         3
 Animate Dead             Necr           4%         N/A       100%        4
 Summon Ice Beast         Ice/Summ       1%         N/A       100%        4
 Summon Lightning Spire   Summ/Air       1%         N/A       100%        4
 Agony                    Necr           8%         N/A       100%        5
 Freezing Cloud           Conj/Ice/Air   3%         6-21      100%        6
 Dragon Form              Tmut           0%         N/A       100%        7


Dungeon Overview and Level Annotations

Branches:
Dungeon (8/15)             Temple (1/1) D:6           Sewer (visited)
   Lair: D:8-11

Altars:
Ashenzari
Cheibriados
Dithmenos
Fedhas
Nemelex Xobeh
Okawaru
Qazlal
Xom
Yredelemnul
Zin

Shops:
D:2 (   D:8 *

Annotations:
D:2 1 runed translucent door, Crazy Yiuf
D:4 1 runed translucent door, MeekVeins's ghost, amateur DjGl


Innate Abilities, Weirdness & Mutations

You have sharp fingernails.
You regenerate magic rapidly.
Your movements are slightly less encumbered by armour. (ER -2)
A meltable shield of frost defends you. (SH +0)


Message History

Unknown command.
You claw something!
Cheibriados appreciates the change of pace.
Reactivating autopickup.
You feel a bit more experienced. Something hits you but does no damage.
Deactivating autopickup; reactivate with Ctrl-A.
The water moccasin bites you but does no damage.
Unknown command.
You claw the water moccasin!
The water moccasin is moderately wounded.
The orc hits you but does no damage. The water moccasin bites you.
* * * LOW HITPOINT WARNING * * *
Something hits you but does no damage.
Unknown command.
You scratch the water moccasin.
The water moccasin is moderately wounded.
The orc hits you with a +0 flail.
* * * LOW HITPOINT WARNING * * *
The water moccasin completely misses you.
You hear some strange, mumbled words.
Something tries to affect you, but you resist.
You claw the water moccasin!
The water moccasin is severely wounded.
The water moccasin bites you!
* * * LOW HITPOINT WARNING * * *
The orc hits you with a +0 flail.
* * * LOW HITPOINT WARNING * * *
Unknown command.
You feel better. The water moccasin bites you.
* * * LOW HITPOINT WARNING * * *
Something hits you but does no damage. The orc hits you but does no damage.
Unknown command.
Unknown command.
You barely miss the water moccasin.
The water moccasin is severely wounded.
The water moccasin closely misses you. Something hits you but does no damage.
The orc hits you with a +0 flail!
* * * LOW HITPOINT WARNING * * *
The water moccasin bites you!
You die...

............ ..
##..........# ...
#.....##....#
...###...........###.
..(........#........
..........#....#
##........<...#
#...)o........#
#...@S..$.)...#
#..∩{)...........#
###.............##
##....#....####
##...###.## #..## .#
#### ##


You could see a water moccasin and an orc.

Vanquished Creatures
  Joseph (D:7)
  Maggie (D:6)
  6 yaks (D:6)
  Duvessa (D:6)
  An orc warrior (D:7)
  2 sky beasts
  A necrophage (D:6)
  An ogre (D:4)
  2 centaurs
  A phantom (D:6)
  3 kobold brigands
  A bullfrog (D:7)
  4 scorpions
  A wyvern skeleton (D:7)
  Dowan (D:6)
  A centaur zombie (D:7)
  A bullfrog skeleton (D:6)
  2 hounds
  2 orc priests
  2 iguanas
  5 orc wizards
  A killer bee zombie (D:5)
  4 gnolls (D:5)
  6 adders
  A white imp (D:6)
  3 dart slugs
  9 orcs
  3 bats
  5 endoplasms
  5 giant cockroaches
  9 goblins
  6 hobgoblins
  9 jackals
  17 kobolds
  6 quokkas
  13 ball pythons
  6 frilled lizards
  8 rats
151 creatures vanquished.

Vanquished Creatures (others)
  3 fungi (D:2)
  A plant (Sewer)
4 creatures vanquished.

Grand Total: 155 creatures vanquished

Notes
Turn   | Place    | Note
-------+----------+-------------------------------------------
     0 | D:1      | Morbidden the Demonspawn Brigand began the quest for the
                  | Orb.
     0 | D:1      | Reached XP level 1. HP: 16/16 MP: 1/1
   716 | D:1      | Gained mutation: You have sharp fingernails. [demonic
                  | ancestry]
   716 | D:1      | Reached XP level 2. HP: 16/22 MP: 2/2
  1202 | D:1      | Reached skill level 1 in Dodging
  1668 | D:2      | Gained mutation: You regenerate magic rapidly. [demonic
                  | ancestry]
  1668 | D:2      | Reached XP level 3. HP: 19/27 MP: 3/3
  1761 | D:2      | Found Ukabeado's Antique Weapon Shoppe.
  2042 | D:2      | Reached skill level 1 in Unarmed Combat
  2153 | D:2      | Found a faded altar of an unknown god.
  2526 | D:2      | Learned a level 1 spell: Magic Dart
  2732 | D:2      | Found a runed translucent door.
  2733 | D:2      | Noticed Crazy Yiuf
  3079 | D:3      | HP: 1/27 [orc/+0 hand axe (4)]
  3093 | D:3      | Gained mutation: Your movements are slightly less
                  | encumbered by armour. (ER -2) [demonic ancestry]
  3093 | D:3      | Reached XP level 4. HP: 12/33 MP: 4/4
  3249 | D:3      | Reached skill level 10 in Unarmed Combat
  3249 | D:3      | Reached XP level 5. HP: 4/38 MP: 5/5
  3403 | D:3      | Found a glowing drain.
  3407 | Sewer    | Entered a sewer
  3579 | Sewer    | Gained mutation: A meltable shield of frost defends you.
                  | (SH +0) [demonic ancestry]
  3579 | Sewer    | Reached XP level 6. HP: 32/45 MP: 2/6
  4178 | D:3      | Found a sparkling altar of Nemelex Xobeh.
  4220 | D:3      | You fall into a shaft and drop 3 floors!
  4296 | D:6      | Found a staircase to the Ecumenical Temple.
  4315 | Temple   | Entered the Ecumenical Temple
  4419 | Temple   | Became a worshipper of Cheibriados the Contemplative
  4493 | D:6      | Reached skill level 1 in Conjurations
  4542 | D:6      | Reached XP level 7. HP: 41/51 MP: 5/7
  4805 | D:6      | Noticed Duvessa
  4806 | D:6      | Noticed Dowan
  4821 | D:6      | Killed Duvessa
  4822 | D:6      | Reached skill level 1 in Spellcasting
  4822 | D:6      | Reached skill level 1 in Invocations
  4831 | D:6      | Killed Dowan
  5058 | D:6      | Noticed a yak
  5058 | D:6      | Noticed a yak
  5058 | D:6      | Noticed a yak
  5058 | D:6      | Noticed a yak
  5059 | D:6      | Noticed a yak
  5059 | D:6      | Noticed a yak
  5276 | D:6      | Killed a yak
  5283 | D:6      | HP: 1/51 [yak (6)]
  5286 | D:6      | Noticed Maggie
  5297 | D:6      | Killed Maggie
  5298 | D:6      | Reached XP level 8. HP: 11/57 MP: 2/10
  5457 | D:6      | Reached skill level 11 in Unarmed Combat
  5596 | D:5      | Entered Level 5 of the Dungeon
  5716 | D:5      | Found a stormy altar of Qazlal.
  5727 | D:5      | Learned a level 3 spell: Vampiric Draining
  6470 | D:4      | Identified the Compendium of Transformation and Cold
  6550 | D:4      | Reached * piety under Cheibriados
  6782 | D:4      | Found a runed translucent door.
  6783 | D:4      | Noticed MeekVeins's ghost (amateur DjGl)
  8128 | D:6      | Reached XP level 9. HP: 46/63 MP: 8/11
  8150 | D:6      | Reached skill level 1 in Shields
  9659 | D:7      | Noticed Joseph
  9680 | D:7      | Killed Joseph
  9681 | D:7      | Reached skill level 1 in Necromancy
  9805 | D:7      | Reached ** piety under Cheibriados
  9848 | D:7      | Reached skill level 1 in Armour
 10873 | D:8      | Found Gedduo's Assorted Antiques.
 10895 | D:8      | Slain by a water moccasin

Illustrated notes

Levels and vault maps discovered:
D:1:      minmay_arrival_shattered_statue, layout_loops_corners,
          patterned_corridor
D:2:      layout_basic, serial_shops, shop_fountains,
          ebering_ecumenical_altar_webs, uniq_crazy_yiuf_cottage
D:3:      layout_loops_ring, nemelex_spade_bored_becter, gup_sewer_entry_bowl,
          st_stairs_4, dk_noncrumbling_4, grunt_decor_junction
D:4:      layout_basic, gammafunk_ghost_grave
D:5:      layout_gridville, nicolae_qazlal_scattered_showers
D:6:      layout_layer_cave, minmay_temple_entry_waves, uniq_maggie,
          uniq_duvessa
D:7:      layout_gridville, kennysheep_generic_room_3, uniq_joseph
D:8:      layout_cave_pools, serial_shops, shop, shop, shop, shop, shop,
          uniq_psyche
Temple:   dpeg_five_rooms_temple

Skill      XL: |  1  2  3  4  5  6  7  8  9 |
---------------+----------------------------+-----
Throwing       | 2 |  2.9
Stealth        | 4 |  4.5
Short Blades   | 2 |  2.1
Dodging        | 1 2 3 |  3.3
Unarmed Combat | 1 10 11 | 11.4
Conjurations   | 1 3 4 |  4.0
Spellcasting   | 1 |  1.8
Invocations    | 1 2 4 |  4.0
Fighting       | 3 |  3.7
Shields        | 1 |  1.0
Necromancy     | 1 |  1.8
Armour         | 1 |  1.0
Crossbows      | |  0.3

Action                   |  1- 3 |  4- 6 |  7- 9 || total
-------------------------+-------+-------+-------++-------
Melee: Dagger            |    34 |       |       ||    34
       Unarmed           |   129 |   105 |   220 ||   454
       Punch             |       |     2 |     9 ||    11
 Fire: Hand crossbow     |       |    17 |       ||    17
Throw: Dart              |     4 |    15 |    89 ||   108
Invok: Bend Time         |       |       |     1 ||     1
  Use: Scroll            |     2 |     4 |     2 ||     8
       Potion            |     1 |     4 |     7 ||    12
 Stab: Sleeping          |    13 |     2 |    12 ||    27
       Distracted        |     1 |       |       ||     1
Armor: Robe              |    29 |       |       ||    29
       Leather armour    |    22 |    21 |    11 ||    54
       Acid dragon scale |       |       |    42 ||    42
       Chain mail        |       |       |    19 ||    19
Dodge: Dodged            |    83 |    59 |   104 ||   246
Block: Other             |       |     7 |    25 ||    32

Table legend: (Time is in decaauts)
 A = Elapsed time spent in this place.
 B = Non-inter-level travel time spent in this place.
 C = Inter-level travel time spent in this place.
 D = Time resting spent in this place.
 E = Time spent auto-exploring this place.
 F = Levels seen in this place.
 G = Mean time per level.
                   A        B        C        D        E       F      G
               +--------+--------+--------+--------+--------+-----+--------+
         Total |  12305 |  11710 |    595 |   1255 |   8717 |  10 | 1230.5 |
       Dungeon |  11463 |  10937 |    526 |   1119 |   8265 |   8 | 1432.9 |
        Temple |    146 |     77 |     69 |      0 |     75 |   1 |  146.0 |
         Sewer |    695 |    695 |      0 |    136 |    377 |   1 |  695.0 |
               +--------+--------+--------+--------+--------+-----+--------+

Top non-repeatable levels by time:
     D:6: 3362 daAuts
     D:1: 1869 daAuts
     D:7: 1690 daAuts
     D:2: 1227 daAuts
     D:4: 1181 daAuts
     D:3: 1068 daAuts
     D:5: 1041 daAuts
   Sewer: 695 daAuts
  Temple: 146 daAuts
     D:8: 22 daAuts
